[Event "December 19 Early 2023"]
[Site "https://www.chess.com"]
[Date "2023.12.19"]
[Round "9"]
[White "Eilers, Stefan"]
[Black "Ezat, Mohamed"]
[Result "1/2-1/2"]
[Board "74"]
[TimeControl "180+1"]
[WhiteFideId "4609565"]
[BlackFideId "10600906"]
[WhiteElo "2453"]
[BlackElo "2367"]
[WhiteTeam "GER"]
[BlackTeam "EGY"]
[WhiteClock "0:00:10"]
[BlackClock "0:00:37"]

1. d4 Nf6 2. Nc3 d5 3. Bf4 c5 4. e4 cxd4 5. Qxd4 Nc6 6. Bb5 Bd7 7. Bxc6 Bxc6 8. e5 Ne4 9. e6 f6 10. Nge2 g5 11. Be3 Bg7 12. O-O-O O-O 13. Nxd5 Bxd5 14. Qxd5 Qxd5 15. Rxd5 f5 16. f3 f4 17. Bd4 Nd6 18. Bxg7 Kxg7 19. Rxg5+ Kh8 20. Rd1 Rf6 21. Re5 Rg8 22. g3 fxg3 23. Nxg3 Rxf3 24. b3 a5 25. a4 Rc8 26. Kb2 Rfc3 27. Rd2 b5 28. axb5 a4 29. Nf5 Nxf5 30. Rxf5 axb3 31. cxb3 Re3 32. Rdf2 Rcc3 33. Rf8+ Kg7 34. R8f7+ Kh6 35. Rxe7 Rxb3+ 36. Kc2 Rbc3+ 37. Kd2 Rcd3+ 38. Kc2 Rc3+ 39. Kd2 Rcd3+ 40. Kc2 Rc3+ 1/2-1/2

[Event "December 19 Early 2023"]
[Site "https://www.chess.com"]
[Date "2023.12.19"]
[Round "9"]
[White "Melikhov, Evgeny V."]
[Black "Kavyev, Ruslan"]
[Result "0-1"]
[Board "75"]
[TimeControl "180+1"]
[WhiteFideId "4122046"]
[BlackFideId "34110981"]
[WhiteElo "2165"]
[BlackElo "2336"]
[WhiteTeam "GRE"]
[BlackTeam "RUS"]
[WhiteClock "0:00:00"]
[BlackClock "0:00:11"]

1. d4 Nf6 2. c4 g6 3. Nc3 Bg7 4. e4 d6 5. f3 O-O 6. Be3 a6 7. Qd2 Nbd7 8. Bh6 e5 9. d5 Nxe4 10. Nxe4 Qh4+ 11. g3 Qxh6 12. Qxh6 Bxh6 13. h4 Be3 14. Ne2 h6 15. g4 f5 16. gxf5 gxf5 17. N4g3 Nf6 18. Nc3 Bd4 19. Bd3 Bxc3+ 20. bxc3 f4 21. Ne4 Nxe4 22. Bxe4 Bf5 23. Rg1+ Kh7 24. Bxf5+ Rxf5 25. Ke2 Rff8 26. Kd3 Rg8 27. Ke4 b6 28. Kf5 Rxg1 29. Rxg1 Rg8 30. Rf1 Rg2 31. Ke6 Rg7 32. h5 a5 33. Rb1 Kg8 34. c5 dxc5 35. Kxe5 Rg5+ 36. Ke6 Rxh5 37. c4 Rg5 38. Kd7 Rg7+ 39. Ke8 h5 40. Rh1 Rh7 41. Rh4 Kg7 42. Rxf4 h4 43. Rg4+ Kf6 44. Rg1 h3 45. Rh1 h2 46. Kd8 Ke5 47. Kc8 Kd4 48. f4 Kxc4 49. f5 Kxd5 50. f6 Ke6 51. f7 Kxf7 52. Kxc7 Rh6 53. Kd7 c4 54. a4 c3 55. Kc7 c2 56. Kd7 c1=Q 57. Rxc1 h1=Q 0-1

[Event "December 19 Early 2023"]
[Site "https://www.chess.com"]
[Date "2023.12.19"]
[Round "9"]
[White "Ambartsumova, Karina"]
[Black "Santos, Rafael Ventura Dos"]
[Result "1-0"]
[Board "76"]
[TimeControl "180+1"]
[WhiteFideId "4166299"]
[BlackFideId "2122227"]
[WhiteElo "2240"]
[BlackElo "2138"]
[WhiteTeam "RUS"]
[BlackTeam "BRA"]
[WhiteClock "0:01:23"]
[BlackClock "0:00:51"]

1. d4 Nf6 2. c4 g6 3. Nc3 Bg7 4. g3 O-O 5. Bg2 d6 6. Nf3 Nbd7 7. O-O e5 8. e4 exd4 9. Nxd4 Re8 10. h3 Nc5 11. Re1 c6 12. b4 Ne6 13. Be3 Nxd4 14. Bxd4 Be6 15. Qd3 c5 16. Be3 cxb4 17. Nb5 Qa5 18. Nxd6 Red8 19. Nxb7 Rxd3 20. Nxa5 Rc8 21. Bxa7 Bxc4 22. Nxc4 Rxc4 23. Bf1 Rd7 24. Bxc4 Rxa7 25. e5 Nd7 26. f4 g5 27. Rab1 gxf4 28. gxf4 Rb7 29. e6 fxe6 30. Bxe6+ Kf8 31. Bxd7 Rxd7 32. Rxb4 Bc3 33. Rb8+ Kf7 34. Re2 Ba5 35. Rb5 Bc7 36. Kg2 Kg7 37. a4 Bxf4 38. a5 Ra7 39. Ra2 Bc7 40. a6 1-0

[Event "December 19 Early 2023"]
[Site "https://www.chess.com"]
[Date "2023.12.19"]
[Round "9"]
[White "Begunov, Konstantin"]
[Black "Burovic, Rijad"]
[Result "0-1"]
[Board "77"]
[TimeControl "180+1"]
[WhiteFideId "4118510"]
[BlackFideId "14407701"]
[WhiteElo "2082"]
[BlackElo "2384"]
[WhiteTeam "RUS"]
[BlackTeam "BIH"]
[WhiteClock "0:00:05"]
[BlackClock "0:00:12"]

1. d4 d6 2. e4 g6 3. c4 Bg7 4. Nc3 e5 5. Nge2 Nc6 6. Be3 Nh6 7. f3 f5 8. Qd2 fxe4 9. Nxe4 Nf5 10. Bg5 Qd7 11. dxe5 Nxe5 12. Nf6+ Bxf6 13. Bxf6 O-O 14. Bxe5 dxe5 15. Nc3 Nd4 16. O-O-O c6 17. Bd3 Qc7 18. Rhe1 Bd7 19. h4 Rad8 20. h5 Bf5 21. hxg6 Bxd3 22. Qxd3 Nb3+ 23. axb3 Rxd3 24. Rxd3 hxg6 25. Red1 Rf7 26. Ne4 Kg7 27. Ng5 Re7 28. Rd7 Qxd7 29. Rxd7 Rxd7 30. Kc2 Kf6 31. Ne4+ Kf5 32. Nc5 Re7 33. g3 g5 34. Kd3 g4 35. fxg4+ Kxg4 36. Ke4 Kxg3 37. Nd3 Re8 38. Nxe5 Kf2 39. Kd4 Ke2 40. b4 Rxe5 41. Kxe5 Kd3 42. b5 Kxc4 43. bxc6 bxc6 44. Kd6 Kb5 45. Kc7 a5 46. Kb7 a4 47. Kc7 c5 48. Kd6 Kb4 49. Kd5 Kb3 50. Kxc5 Kxb2 51. Kb4 a3 0-1

[Event "December 19 Early 2023"]
[Site "https://www.chess.com"]
[Date "2023.12.19"]
[Round "9"]
[White "Spata, German"]
[Black "Joel Paul Ganta"]
[Result "1-0"]
[Board "78"]
[TimeControl "180+1"]
[WhiteFideId "113026"]
[BlackFideId "35066145"]
[WhiteElo "2260"]
[BlackElo "1891"]
[WhiteTeam "ARG"]
[BlackTeam "IND"]
[WhiteClock "0:01:33"]
[BlackClock "0:00:51"]

1. Nf3 Nf6 2. g3 e6 3. Bg2 d5 4. O-O Be7 5. b3 O-O 6. c4 b6 7. Bb2 Bb7 8. e3 Nbd7 9. Qe2 c5 10. Nc3 Rc8 11. cxd5 Nxd5 12. Rfd1 Bf6 13. d4 Nxc3 14. Bxc3 cxd4 15. Bxd4 Bxd4 16. Rxd4 Qe7 17. Rad1 Nc5 18. Ne5 Bxg2 19. Kxg2 Rfd8 20. Nc6 1-0

[Event "December 19 Early 2023"]
[Site "https://www.chess.com"]
[Date "2023.12.19"]
[Round "9"]
[White "Zemlyanskii, Ivan"]
[Black "Sadovsky, Artem"]
[Result "1-0"]
[Board "79"]
[TimeControl "180+1"]
[WhiteFideId "24249971"]
[BlackFideId "4155840"]
[WhiteElo "2418"]
[BlackElo "2314"]
[WhiteTeam "RUS"]
[BlackTeam "FID"]
[WhiteClock "0:00:50"]
[BlackClock "0:00:19"]

1. d4 g6 2. c4 Bg7 3. e4 d6 4. Nc3 e5 5. Nf3 Nc6 6. dxe5 dxe5 7. Qxd8+ Nxd8 8. Nd5 Ne6 9. Ng5 Nxg5 10. Nxc7+ Kd7 11. Nxa8 Ne6 12. Be3 b6 13. c5 bxc5 14. Bb5+ Kd6 15. b4 Nd4 16. bxc5+ Kxc5 17. Rc1+ Kxb5 18. Rxc8 Ne7 19. Rxh8 Bxh8 20. Nc7+ Kc6 21. Bxd4 exd4 22. Nd5 Nxd5 23. exd5+ Kxd5 24. Kd2 Bf6 25. Kd3 a5 26. Rb1 Kc6 27. Kc4 Be5 28. g3 f5 29. Rb5 Bc7 30. Rc5+ Kb6 31. Kxd4 1-0

[Event "December 19 Early 2023"]
[Site "https://www.chess.com"]
[Date "2023.12.19"]
[Round "9"]
[White "Kochiev, Ivan"]
[Black "Klukin, Kirill"]
[Result "1-0"]
[Board "80"]
[TimeControl "180+1"]
[WhiteFideId "2917890"]
[BlackFideId "24199273"]
[WhiteElo "2285"]
[BlackElo "2348"]
[WhiteTeam "BUL"]
[BlackTeam "RUS"]
[WhiteClock "0:01:08"]
[BlackClock "0:00:09"]

1. e4 c5 2. Nf3 g6 3. d4 cxd4 4. Nxd4 Bg7 5. c4 Nc6 6. Be3 Nf6 7. Nc3 O-O 8. Be2 d6 9. Nc2 Be6 10. O-O Rc8 11. Qd2 a6 12. Rac1 Ne5 13. b3 b5 14. cxb5 axb5 15. Bxb5 Qa5 16. Nd4 Nfg4 17. Nd5 Qd8 18. Nxe6 Rxc1 19. Nxd8 Rxf1+ 20. Kxf1 Nxh2+ 21. Ke2 Rxd8 22. Nxe7+ Kf8 23. Nc6 Nxc6 24. Bxc6 Ng4 25. Bb6 1-0

[Event "December 19 Early 2023"]
[Site "https://www.chess.com"]
[Date "2023.12.19"]
[Round "9"]
[White "Sreyas Payyappat"]
[Black "Chan, Yi Ren Daniel"]
[Result "0-1"]
[Board "81"]
[TimeControl "180+1"]
[WhiteFideId "46674969"]
[BlackFideId "5801583"]
[WhiteElo "2043"]
[BlackElo "2375"]
[WhiteTeam "IND"]
[BlackTeam "SGP"]
[WhiteClock "0:00:01"]
[BlackClock "0:00:58"]

1. e4 e5 2. Nf3 Nc6 3. Bc4 Nf6 4. d4 exd4 5. e5 d5 6. Bb5 Ne4 7. Nxd4 Bc5 8. Be3 O-O 9. Nxc6 bxc6 10. Bxc5 Nxc5 11. Bxc6 Ba6 12. Bxa8 Qg5 13. Qd2 Qxe5+ 14. Kd1 Rxa8 15. Nc3 d4 16. Re1 Qh5+ 17. Ne2 Rd8 18. f3 d3 19. Kc1 Qh4 20. Nf4 dxc2 21. g3 Qf6 22. Nd5 Qd6 23. Ne7+ Kf8 24. Qxd6 Rxd6 25. Kxc2 g6 26. Re3 Ne6 27. Nc8 Bxc8 28. Rd1 Nd4+ 29. Kc1 c5 30. Red3 Bf5 31. Re3 Ra6 32. g4 Be6 33. a3 Rb6 34. Rc3 Ne2+ 35. Kc2 Nxc3 36. Kxc3 Rb3+ 37. Kc2 Rxf3 0-1

[Event "December 19 Early 2023"]
[Site "https://www.chess.com"]
[Date "2023.12.19"]
[Round "9"]
[White "Weetik, Vjacheslav"]
[Black "Namitbir Singh Walia"]
[Result "0-1"]
[Board "82"]
[TimeControl "180+1"]
[WhiteFideId "4153472"]
[BlackFideId "35071068"]
[WhiteElo "2469"]
[BlackElo "2239"]
[WhiteTeam "RUS"]
[BlackTeam "IND"]
[WhiteClock "0:00:50"]
[BlackClock "0:00:06"]

1. e4 c6 2. d4 d5 3. exd5 cxd5 4. Bd3 Nc6 5. c3 Nf6 6. Bf4 Bg4 7. Qb3 Qd7 8. Nd2 e6 9. Ngf3 Bd6 10. Bg5 h6 11. Bh4 Nh5 12. Bg3 Nxg3 13. hxg3 O-O 14. Rh4 e5 15. dxe5 Nxe5 16. Nxe5 Bxe5 17. Nf3 Bf6 18. Rh1 Rfe8+ 19. Kf1 a6 20. Rd1 Rad8 21. Bb1 Qe6 22. Qc2 Bf5 23. Qxf5 Qe2+ 24. Kg1 Qxd1+ 25. Kh2 Qe2 26. Qh7+ Kf8 27. Re1 Qxe1 28. Nxe1 Rxe1 29. Bf5 Re2 30. f4 Rxb2 31. Bg4 Bxc3 32. Qd3 Bf6 33. a4 b5 34. a5 Kg8 35. Bf3 d4 36. Qf5 d3 37. Bd1 d2 38. Qc5 Re8 39. Qc6 Re1 40. Bc2 Rxc2 41. Qxc2 d1=Q 42. Qc8+ Kh7 43. Qf5+ g6 0-1

[Event "December 19 Early 2023"]
[Site "https://www.chess.com"]
[Date "2023.12.19"]
[Round "9"]
[White "Uritsky, Yonathan"]
[Black "Srihari L R"]
[Result "0-1"]
[Board "83"]
[TimeControl "180+1"]
[WhiteFideId "2825651"]
[BlackFideId "46617116"]
[WhiteElo "2168"]
[BlackElo "2338"]
[WhiteTeam "ISR"]
[BlackTeam "IND"]
[WhiteClock "0:00:02"]
[BlackClock "0:00:05"]

1. Nf3 g6 2. g3 Bg7 3. Bg2 Nf6 4. O-O O-O 5. c4 c5 6. Nc3 Nc6 7. d4 cxd4 8. Nxd4 Nxd4 9. Qxd4 d6 10. Qd3 Bf5 11. e4 Be6 12. b3 Qa5 13. Bb2 Rfc8 14. Rac1 Nd7 15. Qe2 a6 16. Rc2 b5 17. Nd5 Bxd5 18. exd5 Bxb2 19. Rxb2 Kf8 20. Re1 Ne5 21. f4 Nd3 22. b4 Nxb4 23. Qxe7+ Kg8 24. Rbe2 Qb6+ 25. c5 Qxc5+ 26. Kh1 Nd3 27. Rf1 Re8 28. Qxe8+ Rxe8 29. Rxe8+ Kg7 30. Re2 Kf6 31. Bf3 Qc4 32. Kg2 Nb4 33. a3 Nd3 34. Rd1 Nc5 35. Red2 Qb3 36. Ra1 Qc3 37. Rda2 Nb3 38. Rd1 Nd4 39. Be4 Nb3 40. Rc2 Qa5 41. Rd3 Nc5 42. Re3 Qa4 43. Rce2 Nxe4 44. Rxe4 Qxa3 45. Re7 Qc5 46. Rd7 Qxd5+ 47. Kf2 Qc5+ 48. Kf1 Qc1+ 49. Kg2 Qc6+ 0-1

[Event "December 19 Early 2023"]
[Site "https://www.chess.com"]
[Date "2023.12.19"]
[Round "9"]
[White "Zeneli, Klendi"]
[Black "Bardyk, Artem"]
[Result "0-1"]
[Board "84"]
[TimeControl "180+1"]
[WhiteFideId "4706609"]
[BlackFideId "34349979"]
[WhiteElo "1974"]
[BlackElo "2300"]
[WhiteTeam "ALB"]
[BlackTeam "RUS"]
[WhiteClock "0:01:51"]
[BlackClock "0:02:28"]

1. e4 e5 2. Nf3 Nc6 3. Bb5 Nge7 4. c3 d5 5. Nxe5 dxe4 6. O-O Qd5 7. Nxc6 Nxc6 8. Qe2 Be6 9. Re1 O-O-O 10. Na3 Bxa3 11. bxa3 Ne5 12. Ba4 Nd3 13. Bb3 Qf5 14. Bxe6+ fxe6 15. Rf1 Rhf8 16. f3 Nf4 17. Qxe4 Qxe4 0-1

[Event "December 19 Early 2023"]
[Site "https://www.chess.com"]
[Date "2023.12.19"]
[Round "9"]
[White "Kovalyov, Eduard"]
[Black "Sahib Singh"]
[Result "0-1"]
[Board "85"]
[TimeControl "180+1"]
[WhiteFideId "14118033"]
[BlackFideId "25618342"]
[WhiteElo "2300"]
[BlackElo "2130"]
[WhiteTeam "UKR"]
[BlackTeam "IND"]
[WhiteClock "0:01:01"]
[BlackClock "0:01:29"]

1. Nf3 d5 2. d4 e6 3. c4 Nf6 4. Bg5 Bb4+ 5. Nc3 O-O 6. cxd5 exd5 7. e3 Re8 8. Bd3 c6 9. O-O Nbd7 10. Qc2 h6 11. Bf4 Nh5 12. Bg3 Nxg3 13. hxg3 Nf6 14. a3 Bd6 15. b4 b5 16. Rac1 Bb7 17. Nb1 a5 18. Qb2 axb4 19. axb4 Ra4 20. Nbd2 Bxb4 21. Nb3 Ba3 22. Qc2 Bxc1 23. Rxc1 Qa8 24. Ne5 Rc8 25. Bf5 Rc7 26. Bd3 Ra2 27. Qd1 b4 28. Qf3 Qa3 29. Rb1 Rb2 30. Rxb2 Qxb2 31. Nc5 b3 32. Qf5 Bc8 33. Qf4 Qc1+ 34. Kh2 b2 35. Nb3 b1=Q 36. Nxc1 Qxc1 0-1

[Event "December 19 Early 2023"]
[Site "https://www.chess.com"]
[Date "2023.12.19"]
[Round "9"]
[White "Tokhirjonova, Gulrukhbegim"]
[Black "Bowden, Karl"]
[Result "1-0"]
[Board "86"]
[TimeControl "180+1"]
[WhiteFideId "14203626"]
[BlackFideId "400548"]
[WhiteElo "2265"]
[BlackElo "2444"]
[WhiteTeam "USA"]
[BlackTeam "ENG"]
[WhiteClock "0:00:04"]
[BlackClock "0:00:00"]

1. Nf3 Nf6 2. Nc3 d5 3. d4 g6 4. Bf4 Bg7 5. Qd2 c6 6. Bh6 Bxh6 7. Qxh6 b5 8. h3 b4 9. Na4 Bf5 10. O-O-O Ne4 11. Qe3 Qa5 12. b3 Nd7 13. g4 Be6 14. Kb2 Nb6 15. Ng5 Nxa4+ 16. bxa4 Nc3 17. Ra1 Qxa4 18. a3 Rb8 19. Kc1 Bd7 20. Bg2 b3 21. Qxc3 b2+ 22. Kd2 bxa1=Q 23. Rxa1 O-O 24. Nf3 f5 25. Ne5 Be6 26. Bf3 c5 27. dxc5 Rbc8 28. e3 Rfd8 29. Qd4 Qa5+ 30. Qb4 Qxc5 31. Qxc5 Rxc5 32. Nd3 Rc7 33. c3 Rdc8 34. Rc1 fxg4 35. hxg4 Rf8 36. Ke2 Rfc8 37. Kd2 Kf7 38. Nf4 Rd7 39. g5 Bf5 40. Rh1 Kg7 41. Ne2 e5 42. Bg2 Rb8 43. Rd1 Rb2+ 44. Ke1 e4 45. Nd4 Bg4 46. Rc1 Rc7 47. f4 exf3 48. Bxf3 Bxf3 49. Ne6+ Kf7 50. Nxc7 Re2+ 51. Kf1 1-0

[Event "December 19 Early 2023"]
[Site "https://www.chess.com"]
[Date "2023.12.19"]
[Round "9"]
[White "Melian, Juan Sebastian"]
[Black "Serban, Cristian-Stefan"]
[Result "0-1"]
[Board "87"]
[TimeControl "180+1"]
[WhiteFideId "3706575"]
[BlackFideId "1241443"]
[WhiteElo "2098"]
[BlackElo "2040"]
[WhiteTeam "PAR"]
[BlackTeam "ROU"]
[WhiteClock "0:01:04"]
[BlackClock "0:00:58"]

1. e4 c5 2. b3 Nc6 3. Bb2 e5 4. Bc4 d6 5. Nc3 Nf6 6. Nge2 Be7 7. O-O O-O 8. f4 Bg4 9. h3 Bxe2 10. Qxe2 Nd4 11. Qd3 exf4 12. Rxf4 Nd7 13. Nd5 Ne5 14. Qg3 Bg5 15. Rf2 Bh4 16. Qe3 Nxc2 17. Qc3 Bxf2+ 18. Kxf2 Nxa1 19. Bxa1 Qh4+ 20. Kg1 Qxe4 21. Qg3 Qb1+ 22. Bf1 Qxa1 23. Nf6+ Kh8 24. Qh4 Nf3+ 0-1

[Event "December 19 Early 2023"]
[Site "https://www.chess.com"]
[Date "2023.12.19"]
[Round "9"]
[White "Liu, Casper"]
[Black "Masague Artero, Guerau"]
[Result "1-0"]
[Board "88"]
[TimeControl "180+1"]
[WhiteFideId "1454153"]
[BlackFideId "32098952"]
[WhiteElo "2221"]
[BlackElo "2253"]
[WhiteTeam "DEN"]
[BlackTeam "ESP"]
[WhiteClock "0:00:14"]
[BlackClock "0:00:08"]

1. f4 Nh6 2. Nf3 g6 3. g3 Bg7 4. e3 c5 5. Bg2 Nc6 6. O-O O-O 7. Nc3 d5 8. d3 b6 9. Nxd5 Bb7 10. e4 e6 11. Ne3 Nd4 12. Nxd4 cxd4 13. Nc4 Rc8 14. a4 Ba6 15. b3 Qd7 16. g4 f5 17. g5 Nf7 18. e5 h5 19. Ba3 Rfd8 20. Rf2 Bf8 21. Bxf8 Kxf8 22. Qc1 Bb7 23. b4 Bxg2 24. Rxg2 Qd5 25. b5 Rc5 26. Qd1 Kg7 27. Kf2 Rdc8 28. Qf3 Qd7 29. Ra2 R8c7 30. Ke1 Rc8 31. Kd1 R8c7 32. Kd2 Qe7 33. Rg1 Rd5 34. Rb1 Qc5 35. a5 bxa5 36. Rxa5 Rb7 37. Qh1 Qc7 38. Rb3 Rc5 39. Qa1 Qd7 40. Qa4 Qd5 41. Kc1 Qf3 42. Rxa7 Qxf4+ 43. Kb2 Rc6 44. bxc6 1-0

[Event "December 19 Early 2023"]
[Site "https://www.chess.com"]
[Date "2023.12.19"]
[Round "9"]
[White "Jaque Gutierrez, Matias"]
[Black "Shubenkova, Veronika"]
[Result "0-1"]
[Board "89"]
[TimeControl "180+1"]
[WhiteFideId "3426980"]
[BlackFideId "44124040"]
[WhiteElo "2040"]
[BlackElo "1967"]
[WhiteTeam "CHI"]
[BlackTeam "RUS"]
[WhiteClock "0:00:00"]
[BlackClock "0:01:56"]

1. Nf3 d5 2. d4 e6 3. c4 f5 4. g3 Nf6 5. Bg2 c6 6. O-O Bd6 7. b3 Qe7 8. a4 Nbd7 9. Ba3 Ne4 10. Bxd6 Qxd6 11. Qc2 O-O 12. c5 Qc7 13. b4 a6 14. Nbd2 e5 15. dxe5 Nxe5 16. Nxe5 Qxe5 17. Nf3 Qe7 18. e3 Bd7 19. Rfc1 g5 20. Nd2 Rae8 21. b5 axb5 22. axb5 cxb5 23. Qb3 Bc6 24. Nf3 f4 25. exf4 gxf4 26. Nd4 Qf6 27. Nxc6 bxc6 28. Ra2 fxg3 29. fxg3 Qd4+ 30. Kh1 Nf2+ 31. Rxf2 Rxf2 32. Rd1 Qb2 33. Bxd5+ cxd5 34. Qxd5+ Kh8 35. Kg1 Ref8 0-1

[Event "December 19 Early 2023"]
[Site "https://www.chess.com"]
[Date "2023.12.19"]
[Round "9"]
[White "Burmakin, Evgeniy"]
[Black "Hajiyev, Kanan"]
[Result "0-1"]
[Board "90"]
[TimeControl "180+1"]
[WhiteFideId "4163729"]
[BlackFideId "13404148"]
[WhiteElo "2106"]
[BlackElo "2102"]
[WhiteTeam "RUS"]
[BlackTeam "AZE"]
[WhiteClock "0:00:00"]
[BlackClock "0:00:17"]

1. e4 c6 2. Nc3 d5 3. Nf3 a6 4. d4 Bg4 5. Bd3 e6 6. h3 Bh5 7. e5 c5 8. g4 Bg6 9. Bxg6 hxg6 10. Ne2 cxd4 11. Nexd4 Ne7 12. c3 Nbc6 13. Kf1 Qc7 14. Qe2 Rc8 15. Kg2 Nxd4 16. Nxd4 Nc6 17. Bf4 Bc5 18. Rhd1 Qb6 19. Nb3 Be7 20. Rd2 Na5 21. Nxa5 Qxa5 22. a3 Qa4 23. Rd4 Qb3 24. Rad1 Bc5 25. R4d3 Qc4 26. Be3 Qe4+ 27. f3 Qxe5 28. Qf2 Bxe3 29. Rxe3 Qd6 30. Qg3 Qxg3+ 31. Kxg3 O-O 32. h4 b5 33. h5 gxh5 34. gxh5 a5 35. Kg4 Rc4+ 36. Kg3 b4 37. axb4 axb4 38. cxb4 Rb8 39. b3 Rcxb4 40. Rdd3 Kh7 41. f4 Re4 42. Rxe4 dxe4 43. Re3 f5 44. Kh4 Kh6 45. Rg3 Rb6 46. Re3 Rb8 47. Rg3 Kh7 48. Kg5 Rb6 49. Re3 Rd6 50. Re2 Rd3 51. Rb2 Rg3+ 52. Kh4 Rg4+ 53. Kh3 Rxf4 54. b4 Rf3+ 55. Kg2 Rc3 56. b5 Rc7 57. b6 Rb7 58. Kg3 Kh6 59. Kf4 Kxh5 60. Ke5 Kg4 61. Kxe6 e3 62. Ke5 f4 63. Ke4 g5 64. Rg2+ Kh4 65. Rb2 Kg3 66. Rb5 g4 67. Rf5 e2 0-1

[Event "December 19 Early 2023"]
[Site "https://www.chess.com"]
[Date "2023.12.19"]
[Round "9"]
[White "Souleidis, Georgios"]
[Black "Spichkin, Alexander"]
[Result "0-1"]
[Board "91"]
[TimeControl "180+1"]
[WhiteFideId "4206827"]
[BlackFideId "4144074"]
[WhiteElo "2401"]
[BlackElo "1955"]
[WhiteTeam "GRE"]
[BlackTeam "RUS"]
[WhiteClock "0:00:12"]
[BlackClock "0:01:44"]

1. e4 e5 2. Nf3 d5 3. Nxe5 Bd6 4. d4 dxe4 5. Bc4 Bxe5 6. Qh5 Qe7 7. Qxe5 Qxe5 8. dxe5 Nc6 9. Nc3 Bf5 10. Bf4 Nge7 11. O-O-O Ng6 12. Bg3 Ngxe5 13. Bd5 O-O-O 14. Bxe4 Bxe4 15. Nxe4 f6 16. Nc5 Rxd1+ 17. Rxd1 Re8 18. h3 b6 19. Nb3 Nc4 20. a3 Re2 21. Kb1 a5 22. Nd4 Nxd4 23. Rxd4 Nd2+ 24. Kc1 Ne4 25. Rd3 Nxf2 26. Bxf2 Rxf2 27. Rg3 g5 28. a4 h5 29. b3 h4 30. Rg4 Kd7 31. Kb2 Ke6 32. Kc3 Ke5 33. g3 Rf3+ 34. Kc4 Rxg3 0-1

[Event "December 19 Early 2023"]
[Site "https://www.chess.com"]
[Date "2023.12.19"]
[Round "9"]
[White "Deng, Henry"]
[Black "Mizzi, Jack"]
[Result "1-0"]
[Board "92"]
[TimeControl "180+1"]
[WhiteFideId "30965454"]
[BlackFideId "5602521"]
[WhiteElo "2574"]
[BlackElo "2127"]
[WhiteTeam "USA"]
[BlackTeam "MLT"]
[WhiteClock "0:00:29"]
[BlackClock "0:00:00"]

1. e4 c6 2. d4 d5 3. Nd2 dxe4 4. Nxe4 Bf5 5. Ng3 Bg6 6. h4 h6 7. Nf3 Nd7 8. h5 Bh7 9. Bd3 Bxd3 10. Qxd3 Ngf6 11. Bd2 e6 12. O-O-O Qb6 13. Ne4 Nxe4 14. Qxe4 Nf6 15. Qd3 Be7 16. c4 a5 17. Be3 Qa6 18. Ne5 b5 19. Kb1 Rd8 20. Rc1 b4 21. Qe2 c5 22. dxc5 O-O 23. Qf3 Rc8 24. g4 Nh7 25. c6 Bg5 26. Rhd1 a4 27. Rd7 Nf6 28. Ra7 Qxa7 29. Bxa7 Bxc1 30. Kxc1 Nh7 31. Be3 Ng5 32. Bxg5 hxg5 33. Qe3 f6 34. Nd7 Rf7 35. Qxe6 b3 36. axb3 axb3 37. c7 1-0

[Event "December 19 Early 2023"]
[Site "https://www.chess.com"]
[Date "2023.12.19"]
[Round "9"]
[White "Smolka, Marcin"]
[Black "Figorito, Nick"]
[Result "1-0"]
[Board "93"]
[TimeControl "180+1"]
[WhiteFideId "1139681"]
[BlackFideId "30923689"]
[WhiteElo "2117"]
[BlackElo "2422"]
[WhiteTeam "POL"]
[BlackTeam "USA"]
[WhiteClock "0:01:38"]
[BlackClock "0:00:00"]

1. e4 e6 2. b3 d5 3. Bb2 Nf6 4. e5 Nfd7 5. f4 c5 6. Nf3 Nc6 7. g3 Be7 8. Bg2 h5 9. O-O g6 10. c4 d4 11. d3 b6 12. Nbd2 Bb7 13. Ne4 Qc7 14. a3 a5 15. Qe2 O-O 16. h3 Kg7 17. Rae1 Rh8 18. Nfg5 Bxg5 19. Nxg5 Ne7 20. Ne4 Nf5 21. Rf3 Ne3 22. Rxe3 dxe3 23. Qxe3 Bxe4 24. Bxe4 Rad8 25. g4 hxg4 26. hxg4 Rh4 27. Qg3 Rdh8 28. f5 Nf8 29. Rf1 Kg8 30. Qf4 exf5 31. Bf3 Ne6 32. Qg3 fxg4 33. Bxg4 Nd4 34. Bxd4 cxd4 35. Rf6 Rh1+ 36. Kf2 R8h2+ 37. Kf3 Rf1+ 38. Ke4 Rxf6 39. Qxh2 Re6 40. Bxe6 fxe6 41. Qh4 Qc5 42. Qd8+ Kg7 43. Qf6+ Kh6 44. Qxe6 Qxa3 45. Qh3+ Kg7 46. Qd7+ Kh6 47. e6 Qc5 48. e7 1-0

[Event "December 19 Early 2023"]
[Site "https://www.chess.com"]
[Date "2023.12.19"]
[Round "9"]
[White "Rozhkov, Viacheslav"]
[Black "aksuliini1"]
[Result "0-1"]
[Board "94"]
[TimeControl "180+1"]
[WhiteFideId "4181484"]
[WhiteElo "2237"]
[BlackElo "2540"]
[WhiteTeam "RUS"]
[WhiteClock "0:00:05"]
[BlackClock "0:00:26"]

1. e4 c6 2. d3 d5 3. Nd2 e5 4. Ngf3 Bd6 5. d4 exd4 6. exd5 Nf6 7. dxc6 Nxc6 8. Nb3 Bg4 9. Be2 O-O 10. O-O Bxf3 11. Bxf3 Be5 12. Re1 Re8 13. Bg5 h6 14. Bh4 Qd6 15. Bg3 Bxg3 16. hxg3 Red8 17. Qd2 Ne5 18. Rad1 Nxf3+ 19. gxf3 Qa6 20. Nxd4 Qxa2 21. c3 Qd5 22. Qf4 Qc5 23. Kg2 Re8 24. Nf5 Rxe1 25. Rxe1 Re8 26. Rxe8+ Nxe8 27. Qg4 Kh7 28. Nd4 Nf6 29. Qf4 Qd5 30. Qc7 a6 31. Qf4 Kg8 32. Nf5 Qe6 33. Nd4 Qd5 34. Nf5 Qe6 35. Nd4 Qd7 36. Qb8+ Kh7 37. Qf4 Kg8 38. Qb8+ Kh7 39. Qf4 b5 40. Qe5 Kg8 41. Qb8+ Kh7 42. Qe5 Qd5 43. Qxd5 Nxd5 44. f4 Nb6 45. Kf3 Na4 46. Ke4 Nxb2 47. Kd5 Nd1 48. c4 bxc4 49. Kxc4 Nxf2 50. Nc6 Ne4 51. g4 Kg6 52. Ne5+ Kf6 53. Kd4 Nf2 54. Ke3 Nd1+ 55. Kd2 Nb2 56. Kc3 Na4+ 57. Kb4 Nb6 58. Ka5 Nd5 59. Kxa6 Nxf4 60. Nf3 h5 61. gxh5 Nxh5 62. Kb5 g5 63. Kc4 g4 64. Ng1 Kf5 65. Kd3 Kf4 66. Ke2 Kg3 67. Kf1 Kh2 68. Ne2 Ng3+ 69. Nxg3 Kxg3 70. Kg1 f5 71. Kf1 f4 72. Kg1 f3 73. Kh1 Kf4 74. Kg1 g3 75. Kf1 Ke3 76. Ke1 f2+ 77. Kf1 g2+ 78. Kxg2 Ke2 79. Kg3 f1=Q 0-1

[Event "December 19 Early 2023"]
[Site "https://www.chess.com"]
[Date "2023.12.19"]
[Round "9"]
[White "Iljin, Timofey"]
[Black "Mesquita, Eduardo Barbosa"]
[Result "1-0"]
[Board "95"]
[TimeControl "180+1"]
[WhiteFideId "14110180"]
[BlackFideId "22757163"]
[WhiteElo "2380"]
[BlackElo "1953"]
[WhiteTeam "UKR"]
[BlackTeam "BRA"]
[WhiteClock "0:00:59"]
[BlackClock "0:02:06"]

1. e4 c5 2. c3 Nf6 3. e5 Nd5 4. Nf3 e6 5. d4 cxd4 6. cxd4 d6 7. Bc4 Nc6 8. Qe2 Be7 9. O-O O-O 10. Rd1 Re8 11. a3 a6 12. Bd3 b5 13. Nc3 Bb7 14. Nxd5 exd5 15. Bb1 dxe5 16. dxe5 d4 17. Qd3 g6 18. Ba2 Bf8 19. Bg5 Be7 20. Bh6 Qd7 21. Re1 Bc5 22. b4 Bxb4 23. axb4 Nxb4 24. Qxd4 Qxd4 25. Nxd4 Nd3 26. Re3 Nxe5 27. Rae1 Rad8 28. Rxe5 Rxe5 29. Rxe5 Kh8 1-0

[Event "December 19 Early 2023"]
[Site "https://www.chess.com"]
[Date "2023.12.19"]
[Round "9"]
[White "Shuvalov, Evgenij"]
[Black "Skibbe, Willi"]
[Result "1-0"]
[Board "96"]
[TimeControl "180+1"]
[WhiteFideId "4187237"]
[BlackFideId "4682190"]
[WhiteElo "2084"]
[BlackElo "2371"]
[WhiteTeam "FID"]
[BlackTeam "GER"]
[WhiteClock "0:01:32"]
[BlackClock "0:00:01"]

1. d4 d5 2. c4 c6 3. Nc3 Nf6 4. e3 a6 5. Nf3 Bf5 6. Be2 e6 7. Nh4 Bg6 8. Nxg6 hxg6 9. O-O Be7 10. Qc2 O-O 11. Rd1 b5 12. b3 Nbd7 13. e4 b4 14. e5 bxc3 15. exf6 Bxf6 16. Qxc3 c5 17. Be3 Qc7 18. cxd5 exd5 19. Rac1 Qa7 20. Bf3 cxd4 21. Bxd4 Bxd4 22. Qxd4 Qxd4 23. Rxd4 Nf6 24. Bxd5 Rfd8 25. Rcd1 Nxd5 26. Rxd5 Rxd5 27. Rxd5 Rc8 28. g3 Rc2 29. Ra5 Rc6 30. h4 f6 31. Kg2 Kh7 32. Kf3 Re6 33. b4 Rb6 34. a3 Re6 35. Kf4 Kh6 36. g4 Kh7 37. a4 Kg8 38. b5 axb5 39. Rxb5 Re2 40. f3 Ra2 41. a5 Ra4+ 42. Ke3 Ra3+ 43. Ke4 Ra4+ 44. Kd5 Ra3 45. Kc6 Rxf3 46. Kb7 Rf4 47. a6 Rxg4 48. a7 Ra4 49. a8=Q+ Rxa8 50. Kxa8 f5 51. Kb7 Kh7 52. Kc6 Kh6 53. Kd5 Kh5 54. Rb4 g5 55. hxg5 Kxg5 56. Ke5 g6 57. Rb1 Kh5 58. Kf4 1-0